 Dungeon Crawl Stone Soup version 0.31-a0-1591-g515db51633 (webtiles) character file.

Game seed: 12149997439183340686

417 anacleto the Ruffian (level 6, -6/13 HPs)
             Began as a Troll Gladiator on Jan 7, 2024.
             Mangled by Duvessa
             ... wielding a +0 short sword
              (9 damage)
             ... on level 4 of the Dungeon.
             The game lasted 00:08:06 (2709 turns).

anacleto the Ruffian (Troll Gladiator)              Turns: 2709, Time: 00:08:07

Health: -6/13      AC:  2    Str: 25    XL:     6   Next: 61%
Magic:  5/5        EV: 10    Int:  4    God:
Gold:   86         SH:  0    Dex: 11    Spells: 5/5 levels left

rFire   . .          .
                       - Unarmed
rCold   . . .        (no shield)
rNeg    . . .        a - melded +0 robe
rPois   .            b - +0 hat
rElec   .            (no cloak)
rCorr   .            (gloves unavailable)
SInv    .            (boots unavailable)
Will    .....        (no amulet)
Stlth   +            (no ring)
HPRegen 1.02/turn    (no ring)
MPRegen 0.09/turn

%: no passive effects
@: maw-form
A: devouring maw, reduced hp, large, unfitting armour, claws 3, regeneration 1,
shaggy fur 1, tough skin 1
a: Begin Untransformation


You were on level 4 of the Dungeon.
You were a creature with a mouth for a stomach.
You visited 1 branch of the dungeon, and saw 4 of its levels.

You collected 86 gold pieces.

Inventory:

Missiles
 c - 3 throwing nets (quivered)
 d - a large rock
Armour
 a - a +0 robe (melded)
 b - a +0 hat (worn)
Jewellery
 q - a ring of ice
Talismans
 h - a flux talisman
 k - a maw talisman (active)
Scrolls
 e - a scroll of poison {unknown}
 f - 2 scrolls of teleportation {unknown}
 i - a scroll of summoning {unknown}
 j - a scroll of vulnerability {unknown}
 l - a scroll of identify {unknown}
 n - a scroll of revelation {unknown}
Potions
 m - a potion of heal wounds {unknown}
 o - a potion of invisibility {unknown}
 p - a potion of haste {unknown}
 r - a potion of attraction {unknown}


   Skills:
 * Level 3.7 Fighting
 + Level 3.0 Throwing
 - Level 2.4 Dodging
 * Level 4.8 Unarmed Combat
 - Level 0.1 Invocations
 + Level 2.1 Shapeshifting


You had 5 spell levels left.
You didn't know any spells.
Your spell library contained the following spells:

 Spells                   Type           Power      Damage    Failure   Level
 Fugue of the Fallen      Necr           0%         N/A       86%         3
 Ozocubu's Armour         Ice            0%         N/A       86%         3
 Manifold Assault         Tloc           0%         N/A       99%         4


Dungeon Overview and Level Annotations

Branches:
Dungeon (4/15)
 Temple: D:4-7

Altars:

Shops:
D:1 =

Annotations:
D:4 Dowan, Duvessa


Innate Abilities, Weirdness & Mutations

You are a creature with a mouth for a stomach.
Your midsection houses a second, enormous mouth.
Your maximum health is decreased, since you lack skill for your form.
You are too large for most types of armour.
You have claws for hands.
Your natural rate of healing is unusually fast.
You are covered in fur. (AC +1)
You have tough skin. (AC +1)


Message History

You open the door.
Found a stone staircase leading up.
There is an open door here.
Found a stone staircase leading down.
Duvessa, Dowan and an endoplasm come into view.
Duvessa is wielding a +0 short sword and wearing a +3 leather armour of fire resistance.
Duvessa shouts!
Dowan shouts!
The endoplasm quivers.
Dowan says, "Magic and the sword, together, will defeat you."
Dowan points at you and mumbles some strange words.
The puff of flame hits you.
There is an open door here.
There is a stone staircase leading up here.
You climb upwards.
There is a stone staircase leading down here.
You see here an adder skeleton.
You start waiting.
Done waiting.
You climb downwards.
Level annotation: Dowan, Duvessa
There is a stone staircase leading up here.
There is a stone staircase leading up here.
Duvessa says, "Practise, practise, practise!
One day you'll be as good as me." Duvessa hits you with a +0 short sword!
Ouch! That really hurt!
You climb upwards.
There is a stone staircase leading down here.
You see here an adder skeleton.
You start resting.
HP restored.
Okay, then.
Okay, then.
You climb downwards.
Level annotation: Dowan, Duvessa Duvessa hits you with a +0 short sword. x2
* * * LOW HITPOINT WARNING * * *
There is a stone staircase leading up, spattered with blood here.
Duvessa hits you with a +0 short sword!
Ouch! That really hurt!
You die...

#.............
#.............
#.<...........
#.............
#.............
#######.......e.....
##.....#.............
#......#..........>..
#...W..##'##.........
#...e......#.........
#..........#....J....
##.[>..##J.######....
##.....##.......#....
#......###'##...#....
#......##..##...+....
#...............#....
#..........##...#J...


You could see Duvessa and an endoplasm.

Vanquished Creatures
  Sigmund (D:4)
  A bombardier beetle (D:2)
  An orc priest (D:3)
  An orc wizard (D:3)
  3 gnolls (D:3)
  5 adders
  3 dart slugs
  2 ribbon worms
  7 orcs
  5 bats
  7 endoplasms
  2 giant cockroaches
  2 goblins
  6 hobgoblins
  8 jackals
  2 quokkas
  4 ball pythons
  4 frilled lizards
  3 kobolds
  13 rats
80 creatures vanquished.

Notes
Turn   | Place    | Note
-------+----------+-------------------------------------------
     0 | D:1      | anacleto the Troll Gladiator began the quest for the Orb.
     0 | D:1      | Reached XP level 1. HP: 19/19 MP: 0/0
   158 | D:1      | Reached XP level 2. HP: 28/28 MP: 1/1
   389 | D:1      | Found Qyno's Jewellery Boutique.
   576 | D:1      | Reached XP level 3. HP: 30/35 MP: 2/2
  1114 | D:2      | Reached skill level 1 in Shapeshifting
  1175 | D:2      | Reached XP level 4. HP: 36/44 MP: 3/3
  1191 | D:2      | HP: 2/44 [burnt (9)]
  1382 | D:2      | Identified the +3 short sword "Killer Klown's Peril" {holy,
                  | rN+}
  1618 | D:3      | Reached skill level 4 in Unarmed Combat
  1618 | D:3      | Reached XP level 5. HP: 42/52 MP: 4/4
  2507 | D:4      | Noticed Sigmund
  2513 | D:4      | Killed Sigmund
  2514 | D:4      | Reached XP level 6. HP: 18/62 MP: 5/5
  2576 | D:4      | Noticed Duvessa
  2576 | D:4      | Noticed Dowan
  2709 | D:4      | Mangled by Duvessa

Illustrated notes

Levels and vault maps discovered:
D:1:      moated_graveyard_arrival, layout_basic, serial_shops,
          nicolae_shop_advertising_works [nicolae_subvault_shop_adworks]
D:2:      layout_rooms
D:3:      layout_loops_ring, kennysheep_pointless_box
D:4:      layout_gridville, overflow_temple_1_default, trog_butcher_becter,
          mainiacjoe_overflow_alcove_2, uniq_eustachio, uniq_duvessa,
          uniq_sigmund

Skill      XL: |  1  2  3  4  5 |
---------------+----------------+-----
Fighting       | 2 3 |  3.7
Throwing       | 2 3 |  3.0
Shapeshifting  | 1 2 |  2.1
Unarmed Combat | 4 |  4.8
Dodging        | |  2.4
Invocations    | |  0.1

Action                     |  1- 3 |  4- 6 || total
---------------------------+-------+-------++-------
  Melee: Unarmed           |    95 |    82 ||   177
         Punch             |     2 |     1 ||     3
    Use: Potion            |       |     4 ||     4
   Stab: Sleeping          |     1 |     1 ||     2
 Armour: Robe              |    88 |    39 ||   127
         Skin              |       |    10 ||    10
  Dodge: Dodged            |    80 |    36 ||   116
   Form: Maw               |       |     1 ||     1

Table legend: (Time is in decaauts)
 A = Elapsed time spent in this place.
 B = Non-inter-level travel time spent in this place.
 C = Inter-level travel time spent in this place.
 D = Time resting spent in this place.
 E = Time spent auto-exploring this place.
 F = Levels seen in this place.
 G = Mean time per level.
                   A        B        C        D        E       F      G
               +--------+--------+--------+--------+--------+-----+--------+
         Total |   2717 |   2574 |    143 |    724 |   1158 |   4 |  679.2 |
       Dungeon |   2717 |   2574 |    143 |    724 |   1158 |   4 |  679.2 |
               +--------+--------+--------+--------+--------+-----+--------+

Top non-repeatable levels by time:
     D:1: 1077 daAuts
     D:3: 953 daAuts
     D:2: 584 daAuts
     D:4: 102 daAuts
